 Dungeon Crawl Stone Soup version 0.18-a0-1497-g788d838 (webtiles) character file.

300 milladamen the Shield-Bearer (level 6, -4/53 HPs)
             Began as a Hill Orc Fighter on Mar 4, 2016.
             Slain by an ogre
             ... wielding a +0 giant spiked club
              (9 damage)
             ... on level 4 of the Dungeon.
             The game lasted 00:10:38 (1959 turns).

milladamen the Shield-Bearer (Hill Orc Fighter)     Turns: 1959, Time: 00:10:38

Health: -4/53      AC: 13    Str: 21    XL:     6   Next: 36%
Magic:  6/6        EV:  4    Int:  8    God:
Gold:   124        SH: 10    Dex: 10    Spells: 0 memorised, 5 levels left

rFire  . . .     SeeInvis .     a - +0 war axe
rCold  . . .     Gourm    .     v - +0 plate armour
rNeg   . . .     Faith    .     c - +0 shield
rPois  .         Spirit   .     (no helmet)
rElec  .         Dismiss  .     s - +0 cloak
rCorr  .         Reflect  .     (no gloves)
SustAt .         Harm     .     (no boots)
MR     .....                    (no amulet)
Stlth  ..........               (no ring)
                                (no ring)

@: not resistant to hostile enchantments, extremely unstealthy
A: no striking features
a: no special abilities


You were on level 4 of the Dungeon.
You were not hungry.

You visited 1 branch of the dungeon, and saw 4 of its levels.

You collected 124 gold pieces.

Inventory:

Hand Weapons
 a - a +0 war axe (weapon)
 o - a +3 quarterstaff of chaos
Armour
 b - a +0 scale mail
 c - a +0 shield (worn)
 s - a +0 cloak (worn)
 v - a +0 plate armour (worn)
Jewellery
 k - a +3 ring of protection {unknown}
Scrolls
 e - 6 scrolls of identify {unknown}
 g - a scroll of remove curse {unknown}
 h - a scroll of enchant armour {unknown}
 l - 2 scrolls of teleportation {unknown}
 n - a scroll of enchant weapon {unknown}
 p - 2 scrolls of random uselessness {unknown}
 q - a scroll of recharging {unknown}
 r - a scroll of blinking {unknown}
Potions
 d - 2 potions of might
 t - a potion of degeneration {unknown}
 u - a potion of invisibility {unknown}
Comestibles
 f - 3 bread rations
 i - 4 fruits
 j - a beef jerky
 m - 2 meat rations


   Skills:
 + Level 4.5 Fighting
 + Level 4.3 Axes
 + Level 4.2 Armour
 + Level 2.0 Dodging
 + Level 0.1 Stealth
 + Level 4.9 Shields


You had 5 spell levels left.
You didn't know any spells.

Dungeon Overview and Level Annotations

Branches:
Dungeon (4/15)
 Temple: D:4-7

Altars:
Fedhas
Nemelex Xobeh
Pakellas
Vehumet


Message History

You finish putting on your +0 plate armour.
You found a teleport trap!
Found a leather armour.
You now have 124 gold pieces (gained 10).
An ogre comes into view. It is wielding a giant spiked club.
The ogre shouts!
The ogre hits you with a giant spiked club!
Your plate armour prevents you from hitting the ogre.
The ogre hits you with a giant spiked club.
You slash the ogre!
The ogre is moderately wounded.
The ogre hits you with a giant spiked club!
* * * LOW HITPOINT WARNING * * *
Your plate armour prevents you from hitting the ogre.
The ogre is moderately wounded.
You block the ogre's attack.
You hit the ogre.
The ogre is heavily wounded.
The ogre hits you with a giant spiked club!
You die...

##### .... #. ...
.# #. .. #.# #. .#
#.###.## .####..
... .!.# # ......#
###.###[.##.#
.......
^......O...#
####### #..# #@# #
########..# #.#
###.........# #.#
.......####.####.#
###.##.# #......#
#.##.# #.####.#
#.##.# #.# #.#
#.##.. ..# #.#
#.........# #.#


You could see an ogre.

Vanquished Creatures
  Crazy Yiuf (D:4)
  2 orc wizards (D:3)
  A worker ant (D:4)
  5 gnolls
  3 adders (D:2)
  An adder skeleton (D:4)
  3 worms
  3 giant geckos
  9 orcs (D:3)
  7 ball pythons
  10 bats
  2 giant cockroaches
  8 goblins
  13 hobgoblins
  6 jackals (D:1)
  2 giant newts (D:2)
  6 kobolds
  13 rats
  A fungus (D:2)
96 creatures vanquished.

Notes
Turn   | Place    | Note
--------------------------------------------------------------
     0 | D:1      | milladamen the Hill Orc Fighter began the quest for the Orb.
     0 | D:1      | Reached XP level 1. HP: 19/19 MP: 1/1
    22 | D:1      | Reached XP level 2. HP: 14/27 MP: 2/2
    84 | D:1      | Reached XP level 3. HP: 15/33 MP: 3/3
   214 | D:1      | Reached skill level 1 in Dodging
   441 | D:1      | Found a sparkling altar of Nemelex Xobeh.
   593 | D:2      | Reached XP level 4. HP: 33/40 MP: 4/4
   718 | D:2      | Found a blossoming altar of Fedhas.
  1151 | D:3      | Reached XP level 5. HP: 23/46 MP: 5/5
  1296 | D:3      | Found an oddly glowing altar of Pakellas.
  1802 | D:4      | Reached XP level 6. HP: 18/53 MP: 6/6
  1827 | D:4      | Found a radiant altar of Vehumet.
  1850 | D:4      | Noticed Crazy Yiuf
  1854 | D:4      | Killed Crazy Yiuf
  1959 | D:4      | Slain by an ogre

Vault maps used:
D:1:      saegor_arrival_miasma, serial_forest, infiniplex_forest_lined_room_3,
          infiniplex_forest_lined_room_2, infiniplex_forest_lined_ring,
          infiniplex_forest_lined_corner, infiniplex_forest_corner_1,
          infiniplex_forest_lined_room_2, infiniplex_forest_lined_3_way,
          nemelex_diamond_rough_becter
D:2:      nicolae_overflow_hidden_temple, lemuel_crystal_altar,
          minmay_shallow_snake_nest
D:3:      nicolae_overflow_crystal_walls
D:4:      cheibriados_altar_wand_db, fiery_altar_vehumet, first_bread,
          uniq_crazy_yiuf_cottage

Skill      XL: |  1  2  3  4  5  6 |
---------------+-------------------+-----
Axes           | 3 4 |  4.3
Dodging        | 1 2 |  2.0
Shields        | 4 |  4.9
Fighting       | 4 |  4.5
Armour         | 4 |  4.2
Stealth        | |  0.1

Action                   |  1- 3 |  4- 6 || total
-------------------------+-------+-------++-------
Melee: War axe           |    96 |   192 ||   288
  Use: Potion            |       |     2 ||     2
  Eat: Chunk             |       |     2 ||     2
       Meat ration       |       |     1 ||     1
